 Dungeon Crawl Stone Soup version 0.17-a0-186-g8d083fd (webtiles) character file.

63 squibie the Slasher (level 3, -3/29 HPs)
             Began as a Demigod Gladiator on Mar 27, 2015.
             Slain by a goblin
             ... wielding a +0 dagger of distortion
              (14 damage)
             ... on level 4 of the Dungeon.
             The game lasted 00:02:24 (1305 turns).

squibie the Slasher (Demigod Gladiator)             Turns: 1305, Time: 00:02:24

Health: -3/29      AC:  5    Str: 18    XL:     3   Next: 61%
Magic:  5/5        EV: 13    Int: 12    God:
Gold:   70         SH:  0    Dex: 18    Spells: 0 memorised, 2 levels left

rFire  . . .     SeeInvis .     a - +0 long sword
rCold  . . .     Clarity  .     b - +0 leather armour
rNeg   . . .     SustAb   +     (no shield)
rPois  .         Gourm    .     c - +0 helmet
rElec  .         Spirit   .     (no cloak)
rCorr  .         Warding  .     n - +0 pair of gloves
rMut   .         Stasis   .     (no boots)
MR     .....                    v - amulet of rage
Stlth  +.........               (no ring)
                                (no ring)

@: not resistant to hostile enchantments, very unstealthy
A: sustain abilities
a: Evoke Berserk Rage


You were on level 4 of the Dungeon.
You were not hungry.

You visited 1 branch of the dungeon, and saw 4 of its levels.

You collected 70 gold pieces.

Inventory:

Hand weapons
 a - a +0 long sword (weapon)
Missiles
 d - 3 throwing nets (quivered)
Armour
 b - a +0 leather armour (worn)
 c - a +0 helmet (worn)
 n - a +0 pair of gloves (worn)
Magical staves
 s - an uncursed staff of poison {unknown}
Jewellery
 v - an amulet of rage (around neck)
Magical devices
 u - a wand of fire (8)
Scrolls
 k - 3 scrolls of identify {unknown}
 l - 4 scrolls of blinking {unknown}
 p - a scroll of recharging {unknown}
 t - a scroll of random uselessness {unknown}
Potions
 e - 3 potions of lignification {unknown}
 h - a potion of magic {unknown}
 i - 2 potions of curing {unknown}
 j - a potion of restore abilities {unknown}
 m - a potion of mutation {unknown}
 q - a potion of ambrosia {unknown}
 r - 2 potions of heal wounds {unknown}
Comestibles
 f - 4 bread rations
 g - 3 beef jerkies
 o - a meat ration


   Skills:
 - Level 1.7 Fighting
 + Level 4.3 Long Blades
 - Level 1.7 Throwing
 - Level 2.6 Dodging


You had 2 spell levels left.
You didn't know any spells.

Dungeon Overview and Level Annotations

Branches:
Dungeon (4/15)             Temple (0/1) D:4


Innate Abilities, Weirdness & Mutations

Your attributes are resistant to harm.


Message History

You butcher the adder corpse.
v - a chunk of flesh You feel sick.
Eat a chunk of flesh? (ye/n/q/i?) This raw flesh tastes terrible.
You continue eating. x2
You feel sick.
You feel sick.
v - a large jade amulet Put on which piece of jewellery? (? for menu, Esc to quit)
v - an amulet of rage (around neck)
You feel sick.
A goblin comes into view. It is wielding a dagger of distortion.
A goblin is nearby!
You feel sick.
You are no longer poisoned.
The goblin shouts!
The goblin hits you with a dagger of distortion.
Space warps horribly around you!
You die...

#............# #.....##8...8....
#...........## #.....#8.>.8....
.............#####......8...8....
................##......88.88....
.............#...................
............####.................
..(........## ##................
..#######...#####................
..# ##.....g@................
..## #..................>.###
...## ##..................##
....## #...............##..
...<.# .................###.
.........................
#....###...#####........ #....# #
##.#.. ...... #


You could see a goblin.

Vanquished Creatures
  3 adders
  A giant gecko (D:2)
  3 hobgoblins (D:3)
  2 jackals (D:1)
  3 kobolds
  A quokka (D:2)
  4 ball pythons
  5 bats (D:1)
  5 goblins
  9 rats
36 creatures vanquished.

Notes
Turn   | Place    | Note
--------------------------------------------------------------
     0 | D:1      | squibie, the Demigod Gladiator, began the quest for the Orb.
     0 | D:1      | Reached XP level 1. HP: 17/17 MP: 2/2
   195 | D:1      | Reached skill level 3 in Long Blades
   318 | D:1      | Reached XP level 2. HP: 18/24 MP: 3/3
   356 | D:1      | Found a shattered altar of Ashenzari.
   646 | D:2      | Found a sparkling altar of Nemelex Xobeh.
   804 | D:2      | Reached skill level 4 in Long Blades
   804 | D:2      | Reached XP level 3. HP: 25/29 MP: 5/5
  1266 | D:4      | Found a staircase to the Ecumenical Temple.
  1305 | D:4      | Slain by a goblin

Action                   || total
-------------------------++-------
Melee: Long sword        ||    90
 Stab: Distracted        ||     1
       Sleeping          ||     1
  Eat: Chunk             ||     1
